Unix NetHack Version 5.0.0-0 post-release - last build May  4 2026 22:22:43 (774f63e81ad911689b3a0859ea89b322d5daca8d,branch:main).

Game began 2026-05-05 17:20:00, ended 2026-05-07 13:26:09.

BaeHund, neutral female human Barbarian

             ---
            |..|
            |..|
            |.^|
            |..------
   ..  ------.......--
 --.-  |......---.....|
--.--  |.---.-- ---...|
|...----......--- |...|
--...|..........--|..--
 ---%|....T......|--%|
   |...|.@%.. ...| |.|
   --..--........| |.---
    |............---...|
    |...----......%%%..|
    |-.-|  --........|.
    |...|   ---.....--
    --.--     |...---
     ---      --.--
               ---
BaeHund the Raider         St:18/01 Dx:15 Co:18 In:8 Wi:11 Ch:6  Neutral
Home 5 $:0  HP:0(135) Pw:30(30) AC:-2 Xp:14 T:23587  Burdened

Latest messages:
 You feel much better.
 You smite the rock troll!
 The rock troll hits!
 The rock troll hits!
 The rock troll bites!
 You smite the rock troll!
 The rock troll hits!
 The rock troll hits!
 The rock troll misses!
 You smite the rock troll!
 You smite the rock troll!
 The rock troll hits the rock troll.
 The rock troll hits the rock troll.
 The rock troll bites the rock troll.
 You smite the rock troll!
 The rock troll wields a club!
 The rock troll misses the rock troll.
 The rock troll misses the rock troll.
 The rock troll misses the rock troll.
 The rock troll hits!
 The rock troll hits!
 The rock troll bites!
 You kill the rock troll!
 You smite the rock troll!
 The rock troll swings her club.
 The rock troll hits!
 The rock troll hits!
 The rock troll misses!
 The rock troll swings her club.
 The rock troll hits!
 The rock troll hits!
 The rock troll bites!
 You smite the rock troll!
 The rock troll swings her club.
 The rock troll misses!
 The rock troll misses!
 The rock troll bites!
 You smite the rock troll!
 You smite the rock troll!
 The rock troll swings her club.
 The rock troll hits!
 The rock troll hits!
 The rock troll bites!
 You die...
 Do you want your possessions identified? [ynq] (y) y
 Do you want to see your attributes? [ynq] (y) y
 Do you want an account of creatures vanquished? [ynaq] (y) y
 Do you want a list of species genocided? [ynq] (y) y
 Do you want to see your conduct and achievements? [ynq] (y) y
 Do you want to see the dungeon overview? [ynq] (y) y

Inventory:
 Amulets  ('"')
  q - an uncursed amulet of unchanging (being worn)
 Weapons  (')')
  D - a +0 silver mace (weapon in right hand)
 Armor    ('[')
  u - an uncursed +0 dwarvish iron helm (being worn)
  Y - an uncursed very burnt +0 pair of leather gloves (being worn)
  i - an uncursed burnt +0 pair of speed boots (being worn)
  h - an uncursed +0 shield of reflection (being worn)
  G - an uncursed greased burnt +0 cloak of protection (being worn)
  c - an uncursed +0 dwarvish mithril-coat (being worn)
 Comestibles  ('%')
  a - 3 uncursed food rations
  w - an uncursed tin of boiled troll meat
  T - an uncursed lizard corpse
 Rings    ('=')
  V - an uncursed ring of aggravate monster
  e - an uncursed ring of conflict (on right hand)
  m - an uncursed +0 ring of gain constitution (on left hand)
  Z - an uncursed +0 ring of increase damage
  y - an uncursed ring of levitation
  l - an uncursed +0 ring of protection
  U - an uncursed ring of sustain ability
  S - an uncursed ring of teleport control
 Wands    ('/')
  K - a wand of cancellation (0:7)
  v - a wand of cancellation (0:5)
  j - a wand of cancellation (0:4)
  x - a wand of cancellation (0:3)
  r - a wand of digging (0:-1)
  W - a wand of digging (0:-1)
  A - a wand of fire (0:-1)
  F - a wand of light (0:-1)
  I - a wand of sleep (0:-1)
  f - a wand of stasis (0:-1)
  p - a wand of teleportation (0:-1)
  R - a wand of teleportation (0:-1)
 Tools    ('(')
  b - an uncursed bag of holding containing 52 items
  C - an uncursed blindfold
  B - an uncursed oil lamp (lit)
  d - an uncursed skeleton key
  s - a +0 unicorn horn
 Gems/Stones  ('*')
  J - an uncursed luckstone

Contents of the bag of holding:
  15079 gold pieces
  an uncursed amulet versus poison
  a cursed -4 pair of elven boots
  a cursed -1 pair of kicking boots
  20 uncursed food rations
  an uncursed lizard corpse
  an uncursed scroll of amnesia
  3 cursed scrolls of amnesia
  4 blessed scrolls of blank paper
  7 uncursed scrolls of blank paper
  a cursed scroll of blank paper
  a blessed scroll of charging
  an uncursed scroll of charging
  an uncursed scroll of confuse monster
  2 uncursed scrolls of create monster
  3 uncursed scrolls of destroy armor
  a blessed scroll of earth
  a cursed scroll of earth
  2 uncursed scrolls of enchant weapon
  a blessed scroll of fire
  a cursed scroll of fire
  2 blessed scrolls of light
  an uncursed scroll of light
  2 uncursed scrolls of magic mapping
  2 uncursed scrolls of remove curse
  an uncursed scroll of stinking cloud
  a blessed scroll of taming
  2 blessed scrolls of teleportation
  3 uncursed scrolls of teleportation
  an uncursed potion of blindness
  a cursed potion of booze
  2 uncursed potions of fruit juice
  an uncursed potion of paralysis
  a blessed potion of restore ability
  an uncursed diluted potion of sleeping
  6 potions of holy water
  4 uncursed potions of water
  an uncursed ring of levitation
  a wand of cold (0:7)
  a wand of cold (0:4)
  a wand of create monster (0:13)
  a wand of create monster (0:11)
  a wand of create monster (0:11)
  a wand of digging (0:6)
  a wand of fire (0:8)
  a wand of fire (0:2)
  a wand of magic missile (0:8)
  a wand of magic missile (0:5)
  a wand of make invisible (0:7)
  a wand of make invisible (0:2)
  a wand of striking (0:3)
  a can of grease (0:22)

BaeHund the Barbarian's attributes:

Background:
 You were a Raider, a level 14 female human Barbarian.
 You were neutral, on a mission for Crom
 who was opposed by Mitra (lawful) and Set (chaotic).
 You were right-handed.
 You were in the Quest, on level 5.
 You entered the dungeon 23587 turns ago.
 You had 101536 experience points, 58464 more were needed to attain level 15.

Basics:
 You had 0 out of 135 hit points.
 You had all 30 energy points (spell power).
 Your armor class was -2.
 Your wallet was empty, but
 you had 15079 zorkmids stashed away in your pack.
 Autopickup was off.

Final Characteristics:
 Your strength was 18/01 (peak:18/02, limit:18/100).
 Your dexterity was 15 (peak:16, limit:18).
 Your constitution was 18 (limit:18).
 Your intelligence was 8 (limit:18).
 Your wisdom was 11 (limit:18).
 Your charisma was 6 (limit:18).

Final Status:
 You weren't hungry.
 You were burdened; movement was slightly slowed.
 You were wielding a mace.
 You were skilled in mace.

Final Attributes:
 You were piously aligned.
 You were cold resistant.
 You were sleep resistant.
 You were poison resistant.
 You saw invisible.
 You were telepathic.
 You caused conflict.
 You were protected.
 Your spell casting was impaired by metallic armor.
 You couldn't change from your current form.
 You were very fast.
 You had reflection.
 You were extremely lucky.
 You had extra luck.
 Bad luck did not time out for you.
 Good luck did not time out for you.
 You are dead.

Miscellaneous:
 You encountered 1 bones level.
 Total elapsed playing time was 13 hours, 33 minutes and 18 seconds.

Major events:
 Turn
    1: BaeHund the neutral female human Barbarian entered the dungeon
  857: entered the Gnomish Mines
 1164: attained the rank of Pillager (level 3)
 1570: attained the rank of Bandit (level 6)
 1794: performed her first genocide (mind flayers)
 3037: entered Sokoban
 3597: reached Mine Town
 5999: attained the rank of Brigand (level 10)
 8159: completed 1st Sokoban level
 8423: completed 2nd Sokoban level
 8648: completed 3rd Sokoban level
 9390: completed 4th Sokoban level
 9518: acquired the Sokoban bag of holding
10759: entered Home 1, the Quest
14352: killed Medusa
18311: acquired the Mines' End luckstone
19550: attained the rank of Raider (level 14)
20761: Pelias has granted access to proceed deeper into the quest
20803: entered Home 2, the Quest
21135: entered Home 3, the Quest
22818: entered Home 4, the Quest
23482: entered Home 5, the Quest
23587: killed by a rock troll

Spells:
 Name                 Level Category     Fail Retention
 healing                1   healing      100%   51%-75%

Skills:
 Fighting Skills
   bare handed combat [Basic]
   two weapon combat  [Unskilled]
   riding             [Unskilled]
 Weapon Skills
   dagger             [Unskilled]
   axe                [Basic]
   pick-axe           [Unskilled]
   short sword        [Basic]
   broadsword         [Unskilled]
   long sword         [Unskilled]
   two-handed sword   [Unskilled]
   saber              [Unskilled]
   club               [Unskilled]
   mace               [Skilled]
   morning star       [Unskilled]
   flail              [Unskilled]
   hammer             [Unskilled]
   quarterstaff       [Unskilled]
   spear              [Unskilled]
   trident            [Unskilled]
   bow                [Unskilled]
 Spellcasting Skills
   attack spells      [Unskilled]
   escape spells      [Unskilled]

Voluntary challenges:
 Character rerolling was not enabled.
 You genocided 1 type of monster.
 You never polymorphed an object.
 You never changed form.
 You used no wishes.
 You violated the special Sokoban rules twice.
Achievements:
 You entered the Gnomish Mines.
 You entered a shop.
 You attained the rank of Pillager.
 You attained the rank of Bandit.
 You entered Sokoban.
 You entered Minetown.
 You attained the rank of Brigand.
 You completed Sokoban.
 You defeated Medusa.
 You completed the Gnomish Mines.
 You attained the rank of Raider.

 The Dungeons of Doom: levels 1 to 27
    Level 1:
       A fountain.
    Level 2:
       Some fountains, a sink.
    Level 3:
       An altar, a fountain.
    Level 4:
       A sink.
       Stairs down to The Gnomish Mines.
    Level 5:
       A general store.
    Level 6:
       A fountain, a sink.
    Level 7:
       Many fountains.
    Level 8:
       A fountain, a sink.
       Stairs up to Sokoban, level 7.
    Level 9:
       A fountain.
       Final resting place for
          31245981910-Mon-Hum-Fem-Law, killed by an Uruk-hai.
    Level 10:
    Level 11:
       An altar to Crom.
    Level 12:
       Many altars, some graves.
    Level 13:
    Level 14:
       Some fountains.
       Summoned by Pelias.
       Portal to The Quest.
    Level 15:
       A grave.
    Level 16:
       A fountain, a grave.
    Level 17:
    Level 18:
       A primitive area.
    Level 19:
    Level 20:
    Level 21:
       Many altars.
    Level 22:
       A fountain.
    Level 23:
       A fountain.
    Level 24:
       A fountain, many trees.
    Level 25:
       A fountain, a grave.
    Level 26:
    Level 27:
 The Gnomish Mines: levels 5 to 13
    Level 5:
    Level 6:
    Level 7:
       An altar to Crom, a fountain.
    Level 8:
    Level 9:
    Level 10:
    Level 11:
    Level 12:
    Level 13:
       A fountain.
 The Quest: levels 1 to 5
    Level 1:
       Many trees.
       Given quest by Pelias.
    Level 2:
    Level 3:
    Level 4:
    Level 5: <- You were here.
       Final resting place for
          you, killed by a rock troll.
 Sokoban: levels 7 up to 4
    Level 4:
       Solved.
    Level 5:
       Solved.
    Level 6:
       Solved.
    Level 7:
       Solved.


Vanquished creatures:
    Medusa
  a blue dragon
  2 minotaurs
  a baluchitherium
  a displacer beast
  2 vampire leaders
  2 captains
  a lich
  a lurker above
 an ettin
  a vampire
  2 lieutenants
  7 ghosts
  2 giant mimics
  2 long worms
  2 zruties
 an ogre tyrant
  2 ice trolls
 32 rock trolls
 an umber hulk
 an elven monarch
  a doppelganger
  a large mimic
  3 wumpuses
  a stalker
  a fire elemental
 an earth elemental
  2 giant mummies
  2 black nagas
  2 giant zombies
 an elf-noble
  3 sergeants
  3 wargs
  2 winter wolves
  4 xans
  2 ettin mummies
  6 ogre leaders
  4 quantum mechanics
 31 trolls
  a sasquatch
  a wood golem
  2 gelatinous cubes
  3 pyrolisks
  2 large dogs
  2 freezing spheres
  2 flaming spheres
  2 shocking spheres
  3 large cats
  2 gargoyles
  a tengu
  2 ochre jellies
  a leocrotta
  2 energy vortices
 an elf mummy
  4 human mummies
  a red naga
  5 wraiths
  a carnivorous ape
  2 ettin zombies
  6 leather golems
  5 Grey-elves
 28 soldiers
 an amorous demon
  a chameleon
  a crocodile
  4 giant beetles
  4 quivering blobs
  7 cockatrices
  a wolf
  9 winter wolf cubs
  a lynx
  6 panthers
  a gremlin
  9 leprechauns
  8 orc-captains
  2 iron piercers
  6 giant spiders
  a scorpion
  a horse
  2 black lights
  3 vampire bats
  3 forest centaurs
  7 gnome rulers
 an orc mummy
  2 dwarf mummies
 91 ogres
  a brown pudding
 an owlbear
  3 yetis
  2 gold golems
  a werewolf
  a Green-elf
  a piranha
  4 giant eels
 11 lizards
  2 dogs
  a housecat
  a jaguar
  3 dwarf leaders
  2 white unicorns
  4 black unicorns
  2 dust vortices
 33 ravens
  2 gnome mummies
  a water moccasin
  7 apes
  a human zombie
  3 rope golems
  a Woodland-elf
  4 soldier ants
 22 fire ants
 21 bugbears
  3 imps
  a quasit
  2 wood nymphs
  5 water nymphs
  a mountain nymph
  9 Mordor orcs
 15 Uruk-hai
  9 orc shamans
  2 rock piercers
  a rock mole
  a pony
  2 fog clouds
  5 yellow lights
  a shrieker
  a violet fungus
 21 gnome leaders
  3 gnomish wizards
  3 kobold mummies
  a gray ooze
  6 ghouls
  4 straw golems
  3 paper golems
  5 giant ants
  3 little dogs
  5 floating eyes
  a kitten
 18 dwarves
  3 homunculi
  6 kobold leaders
  3 kobold shamans
 39 hill orcs
  3 rothes
  2 rabid rats
  2 centipedes
  2 giant bats
  a monkey
  4 orc zombies
  8 dwarf zombies
  a wererat
  a werejackal
  8 iguanas
 11 killer bees
 an acid blob
  3 coyotes
  3 hobbits
  3 manes
  3 large kobolds
 23 hobgoblins
 an orc
  6 giant rats
  4 cave spiders
  a brown mold
  2 yellow molds
  2 red molds
 59 gnomes
  a garter snake
  2 gnome zombies
  3 geckos
  3 jackals
  a fox
  8 goblins
  a sewer rat
  4 grid bugs
  3 bats
  7 lichens
  4 kobold zombies
  a newt
896 creatures vanquished.

Genocided species:
 mind flayers
1 species genocided.

Game over:
                       ----------
                      /          \
                     /    REST    \
                    /      IN      \
                   /     PEACE      \
                  /                  \
                  |     BaeHund      |
                  |     15079 Au     |
                  | killed by a rock |
                  |      troll       |
                  |                  |
                  |                  |
                  |       2026       |
                 *|     *  *  *      | *
        _________)/\\_//(\/(/\)/\//\/|_)_______

Goodbye BaeHund the Barbarian...

You died in The Quest on dungeon level 5 with 234072 points,
and 15079 pieces of gold, after 23587 moves.
You were level 14 with a maximum of 135 hit points when you died.

